Phantoms vs Admirals

Created - Tuesday, November 18, 2014 at 22:50

Goals
1 2 3 OT1 SO T
Phantoms 0 1 0 0 1 1
Admirals 0 1 0 0 2 2
Shots
1 2 3 OT1 SO T
Phantoms 12 10 9 0 5 31
Admirals 8 11 9 0 5 28

1st period

No Goal

Penalties :
Jerome Gauthier-Leduc (ADR) for High sticking (Minor) at 11:54

2nd period

1. Admirals , Carter Ashton 5 (Carter Camper) at 5:48 (PP)
2. Phantoms , Bryan Lerg 4 (Garrett Wilson) at 9:48

Penalties :
Scott Ford (NOR) for Fighting (Major) at 5:14, Zack FitzGerald (ADR) for Fighting (Major) at 5:14, Zack FitzGerald (ADR) for instigated a fight (Minor) at 5:14, Zack FitzGerald (ADR) for instigated a fight (10 Minutes Misconduct) at 5:14

3rd period

No Goal

Penalties :
Alex Grant (NOR) for High sticking (Minor) at 0:43, Scott Ford (NOR) for High sticking (Minor) at 19:08

Overtime #1

No Goal

Penalties :
No Penalty

Shootout

Penalty Shot by Dmitrij Jaskin for Phantoms - Stopped by David LeNeveu
Penalty Shot by Jonathan Marchessault for Admirals - Shot Misses the Net
Penalty Shot by Adam Lowry for Phantoms - Stopped by David LeNeveu
Penalty Shot by Jean-Gabriel Pageau for Admirals - Stopped by Marek Mazanec
Penalty Shot by Harri Pesonen for Phantoms - Stopped by David LeNeveu
Penalty Shot by Mike Zigomanis for Admirals - Shot Misses the Net
Penalty Shot by Bryan Lerg for Phantoms - Goal!
Penalty Shot by Darryl Boyce for Admirals - Goal!
Penalty Shot by Garrett Wilson for Phantoms - Shot Misses the Net
Penalty Shot by Carter Camper for Admirals - Goal!

Penalties :
No Penalty

Goalie Stats

Marek Mazanec (ADR), 27 saves from 28 shots - (0.964), OTL, 1-1-3, 65:00 minutes
David LeNeveu (NOR), 30 saves from 31 shots - (0.968), W, 3-1-0, 65:00 minutes

Players Stats for Phantoms

Player Name              G  A  P  +/- PIM S  H  SB GA TA FO     MP     PP MP  PK MP  
------------------------------------------------------------------------------------
Adam Lowry               0  0  0   0  0   2  1  0  0  0  4/15   19:26   1:10   2:10 
Bryan Lerg               1  0  1   1  0   4  0  0  0  1  5/7    19:15   1:40   0:23 
Chris Langkow            0  0  0   0  0   2  1  0  0  0  0/1    11:59   0:00   0:00 
Denver Manderson         0  0  0   0  0   1  0  0  2  0  1/1    17:10   0:00   0:37 
Dmitrij Jaskin           0  0  0   0  0   4  0  0  3  2  2/6    22:41   1:10   1:33 
Garnet Exelby            0  0  0   0  0   1  1  0  3  2  0/0    26:08   2:10   1:26 
Garrett Wilson           0  1  1   1  0   1  3  0  1  0  0/1    17:54   1:40   0:00 
Greg Zanon               0  0  0   1  0   2  2  2  0  2  0/0    25:56   2:10   1:26 
Harri Pesonen            0  0  0   0  0   2  0  1  2  0  1/1    15:23   1:10   0:23 
Jerome Gauthier-Leduc    0  0  0   0  2   1  0  3  0  4  0/0    21:27   0:40   0:00 
Jonathan Hazen           0  0  0   0  0   0  2  0  0  0  0/0    15:41   0:00   0:00 
Josh Lunden              0  0  0   0  0   0  1  0  3  1  0/0    10:32   0:00   0:00 
Keegan Lowe              0  0  0   1  0   2  0  1  0  2  0/0    18:01   0:00   0:00 
Mark Van Guilder         0  0  0   0  0   1  0  0  0  1  1/5    18:40   0:00   0:00 
Martin Gernat            0  0  0   0  0   3  2  3  0  0  0/0    24:58   0:40   1:07 
Steve MacIntyre          0  0  0   0  0   0  0  0  0  0  0/0     0:29   0:00   0:00 
Zack FitzGerald          0  0  0   0  17  0  1  0  0  1  0/0    13:10   0:00   1:07 
Zack Stortini            0  0  0   1  0   5  1  1  1  0  0/0    18:35   1:40   0:00 

Players Stats for Admirals

Player Name              G  A  P  +/- PIM S  H  SB GA TA FO     MP     PP MP  PK MP  
------------------------------------------------------------------------------------
Alex Grant               0  0  0  -1  2   0  5  0  1  0  0/0    29:35   1:01   1:59 
Brayden Irwin            0  0  0   0  0   0  0  0  0  0  0/0     1:51   0:00   0:00 
Bryan Rodney             0  0  0  -1  0   1  2  4  0  0  0/0    28:53   1:01   3:08 
Cade Fairchild           0  0  0   0  0   1  0  0  0  0  0/0    25:42   1:32   0:50 
Carter Ashton            1  0  1   0  0   5  2  0  2  0  0/1    18:03   1:01   0:00 
Carter Camper            0  1  1   0  0   0  4  0  4  1  11/15  25:02   1:01   1:41 
Darryl Boyce             0  0  0  -1  0   1  1  0  0  2  0/1    19:50   0:24   0:00 
Farm Player2             0  0  0   0  0   0  0  0  0  0  0/0    21:01   0:23   2:13 
Jean-Gabriel Pageau      0  0  0   0  0   5  2  0  2  0  2/4    18:45   1:32   0:00 
Jonathan Marchessault    0  0  0   0  0   2  4  0  3  2  3/7    24:44   1:08   3:09 
Keith Aucoin             0  0  0   0  0   7  4  0  5  0  1/1    17:22   1:32   0:00 
Maxime Langelier-Parent  0  0  0   0  0   1  0  0  0  0  1/1     3:15   0:00   0:00 
Mike Sislo               0  0  0  -1  0   3  3  0  2  2  0/0    15:54   0:00   0:00 
Mike Zigomanis           0  0  0   0  0   1  0  0  1  0  5/6    18:34   1:01   0:00 
Nathan McIver            0  0  0   0  0   0  0  0  0  0  0/0     4:46   0:00   0:00 
Ryan Bourque             0  0  0  -1  0   1  0  0  1  0  0/1    17:11   0:00   0:54 
Scott Ford               0  0  0   0  7   0  1  1  0  0  0/0    22:48   1:09   0:50 
Sven Andrighetto         0  0  0   0  0   0  0  0  0  0  0/0     2:43   0:00   0:00 

3 Stars

1 - David LeNeveu (NOR)
2 - Marek Mazanec (ADR)
3 - Bryan Lerg (ADR)

Power Play

Phantoms - 0 on 2 Attempt(s) - 0.00%
Admirals - 1 on 2 Attempt(s) - 50.00%

Penalty Kill

Phantoms - 1 on 2 Attempt(s) - 50.00% - Score 0 goal in Penalty Kill
Admirals - 2 on 2 Attempt(s) - 100.00% - Score 0 goal in Penalty Kill

Official

Referees : Unknown
Linesman : Unknown

Game Notes

Scott Ford beats up Zack FitzGerald at 5:14 of 2nd period

Finance

Level 1 -- Attendance: 1462 (73.10%) -- Ticket Income $51,170
Level 2 -- Attendance: 693 (69.30%) -- Ticket Income $10,395
Total Attendance: 2155 (71.83%)
Total Ticket Income: $61,565
Other Income: $30,167
Total Income: $91,732

Phantoms

5 vs 5 Forward 
   Center                   Left Wing                Right Wing               Time % Phy DF OF 
 1 Adam Lowry               Dmitrij Jaskin           Harri Pesonen            35     1   2  2  
 2 Bryan Lerg               Garrett Wilson           Zack Stortini            30     1   2  2  
 3 Mark Van Guilder         Denver Manderson         Jonathan Hazen           22     1   2  2  
 4 Chris Langkow            Josh Lunden              Dmitrij Jaskin           13     1   2  2  

5 vs 5 Defense 
   Defense                  Defense                                           Time % Phy DF OF 
 1 Garnet Exelby            Greg Zanon                                        35     1   2  2  
 2 Martin Gernat            Jerome Gauthier-Leduc                             30     1   2  2  
 3 Keegan Lowe              Zack FitzGerald                                   22     1   2  2  
 4 Garnet Exelby            Greg Zanon                                        13     1   2  2  

PowerPlay Forward 
   Center                   Left Wing                Right Wing               Time % Phy DF OF 
 1 Adam Lowry               Dmitrij Jaskin           Harri Pesonen            60     1   2  2  
 2 Bryan Lerg               Garrett Wilson           Zack Stortini            40     1   2  2  

PowerPlay Defense
   Defense                  Defense                                           Time % Phy DF OF 
 1 Garnet Exelby            Greg Zanon                                        60     1   2  2  
 2 Martin Gernat            Jerome Gauthier-Leduc                             40     1   2  2  

Penalty Kill 4 Players Forward 
   Center                   Wing                     Time % Phy DF OF 
 1 Dmitrij Jaskin           Adam Lowry               60     1   2  2  
 2 Harri Pesonen            Bryan Lerg               40     1   2  2  

Penalty Kill 4 Players Defense
   Defense                  Defense                  Time % Phy DF OF 
 1 Garnet Exelby            Greg Zanon               60     1   2  2  
 2 Martin Gernat            Jerome Gauthier-Leduc    40     1   2  2  

Penalty Kill - 3 Players Forward 
   Forward                                           Time % Phy DF OF 
 1 Dmitrij Jaskin                                    60     1   2  2  
 2 Adam Lowry                                        40     1   2  2  

Penalty Kill - 3 Players Defense
   Defense                  Defense                  Time % Phy DF OF 
 1 Garnet Exelby            Greg Zanon               60     1   2  2  
 2 Martin Gernat            Jerome Gauthier-Leduc    40     1   2  2  

4 vs 4 Forward 
   Center                   Wing                     Time % Phy DF OF 
 1 Dmitrij Jaskin           Adam Lowry               60     1   2  2  
 2 Harri Pesonen            Bryan Lerg               40     1   2  2  

4 vs 4 Defense
   Defense                  Defense                  Time % Phy DF OF 
 1 Garnet Exelby            Greg Zanon               60     1   2  2  
 2 Martin Gernat            Jerome Gauthier-Leduc    40     1   2  2  

Last Minutes Offensive
   Center                   Left Wing                Right Wing               Defense                  Defense                  
   Adam Lowry               Dmitrij Jaskin           Harri Pesonen            Garnet Exelby            Greg Zanon               

Last Minutes Defensive
   Center                   Left Wing                Right Wing               Defense                  Defense                  
   Adam Lowry               Dmitrij Jaskin           Harri Pesonen            Garnet Exelby            Greg Zanon               

Goaltenders
Starting : Marek Mazanec            
Backup : Johan Hedberg            

Extra Forwards
Normal : Mark Van Guilder, Chris Langkow, Denver Manderson - PP : Mark Van Guilder, Chris Langkow - PK : Denver Manderson
Extra Defensemen
Normal : Keegan Lowe, Zack FitzGerald, Martin Gernat - PP : Keegan Lowe - PK : Zack FitzGerald, Martin Gernat
Penalty Shots
Dmitrij Jaskin, Adam Lowry, Harri Pesonen, Bryan Lerg, Garrett Wilson

Admirals

5 vs 5 Forward 
   Center                   Left Wing                Right Wing               Time % Phy DF OF 
 1 Carter Camper            Jonathan Marchessault    Keith Aucoin             35     1   2  2  
 2 Mike Zigomanis           Jean-Gabriel Pageau      Carter Ashton            30     1   2  2  
 3 Carter Camper            Darryl Boyce             Mike Sislo               22     1   2  2  
 4 Ryan Bourque             Jonathan Marchessault    Jean-Gabriel Pageau      13     1   2  2  

5 vs 5 Defense 
   Defense                  Defense                                           Time % Phy DF OF 
 1 Alex Grant               Bryan Rodney                                      35     1   2  2  
 2 Cade Fairchild           Scott Ford                                        30     1   2  2  
 3 Alex Grant               Farm Player2                                      22     1   2  2  
 4 Alex Grant               Bryan Rodney                                      13     1   2  2  

PowerPlay Forward 
   Center                   Left Wing                Right Wing               Time % Phy DF OF 
 1 Jean-Gabriel Pageau      Jonathan Marchessault    Keith Aucoin             60     1   2  2  
 2 Mike Zigomanis           Carter Camper            Carter Ashton            40     1   2  2  

PowerPlay Defense
   Defense                  Defense                                           Time % Phy DF OF 
 1 Alex Grant               Bryan Rodney                                      60     1   2  2  
 2 Cade Fairchild           Scott Ford                                        40     1   2  2  

Penalty Kill 4 Players Forward 
   Center                   Wing                     Time % Phy DF OF 
 1 Jonathan Marchessault    Carter Camper            60     1   2  2  
 2 Mike Zigomanis           Jean-Gabriel Pageau      40     1   2  2  

Penalty Kill 4 Players Defense
   Defense                  Defense                  Time % Phy DF OF 
 1 Alex Grant               Bryan Rodney             60     1   2  2  
 2 Cade Fairchild           Scott Ford               40     1   2  2  

Penalty Kill - 3 Players Forward 
   Forward                                           Time % Phy DF OF 
 1 Jonathan Marchessault                             60     1   2  2  
 2 Carter Camper                                     40     1   2  2  

Penalty Kill - 3 Players Defense
   Defense                  Defense                  Time % Phy DF OF 
 1 Alex Grant               Bryan Rodney             60     1   2  2  
 2 Cade Fairchild           Scott Ford               40     1   2  2  

4 vs 4 Forward 
   Center                   Wing                     Time % Phy DF OF 
 1 Jonathan Marchessault    Carter Camper            60     1   2  2  
 2 Mike Zigomanis           Jean-Gabriel Pageau      40     1   2  2  

4 vs 4 Defense
   Defense                  Defense                  Time % Phy DF OF 
 1 Alex Grant               Bryan Rodney             60     1   2  2  
 2 Cade Fairchild           Scott Ford               40     1   2  2  

Last Minutes Offensive
   Center                   Left Wing                Right Wing               Defense                  Defense                  
   Jean-Gabriel Pageau      Jonathan Marchessault    Keith Aucoin             Alex Grant               Bryan Rodney             

Last Minutes Defensive
   Center                   Left Wing                Right Wing               Defense                  Defense                  
   Jean-Gabriel Pageau      Jonathan Marchessault    Keith Aucoin             Alex Grant               Bryan Rodney             

Goaltenders
Starting : David LeNeveu            
Backup : Brad Thiessen            

Extra Forwards
Normal : Carter Camper, Darryl Boyce, Ryan Bourque - PP : Carter Camper, Darryl Boyce - PK : Ryan Bourque
Extra Defensemen
Normal : Alex Grant, Farm Player2, Cade Fairchild - PP : Alex Grant - PK : Farm Player2, Cade Fairchild
Penalty Shots
Jonathan Marchessault, Jean-Gabriel Pageau, Mike Zigomanis, Darryl Boyce, Carter Camper

% Time on Ice - Phantoms

Lines # - Real PCT - Wanted PCT - Time Play
Normal Forward
1 - 28% - 35% - 15:11
2 - 26% - 30% - 14:15
3 - 28% - 22% - 15:07
4 - 18% - 13% - 10:04
Normal Defense
1 - 30% - 35% - 16:18
2 - 32% - 30% - 17:28
3 - 34% - 22% - 18:50
4 - 4% - 13% - 2:01
PP Forward
1 - 41% - 60% - 1:10
2 - 59% - 40% - 1:40
PP Defense
1 - 76% - 60% - 2:10
2 - 24% - 40% - 0:40
PK Forward
1 - 85% - 60% - 2:10
2 - 15% - 40% - 0:23
PK Defense
1 - 56% - 60% - 1:26
2 - 44% - 40% - 1:07
PK3 Forward
1 - 0% - 60%
2 - 0% - 40%
PK3 Defense
1 - 0% - 60%
2 - 0% - 40%
44 Forward
1 - 86% - 60% - 4:19
2 - 14% - 40% - 0:41
44 Defense
1 - 58% - 60% - 2:54
2 - 42% - 40% - 2:06
Last Minute Offensive  - 0:00
Last Minute Defensive  - 0:00
Total
Forward - 65:00
Defense - 65:00

% Time on Ice - Admirals

Lines # - Real PCT - Wanted PCT - Time Play
Normal Forward
1 - 31% - 35% - 16:49
2 - 28% - 30% - 15:27
3 - 29% - 22% - 15:35
4 - 12% - 13% - 6:46
Normal Defense
1 - 34% - 35% - 18:37
2 - 37% - 30% - 20:26
3 - 23% - 22% - 12:24
4 - 6% - 13% - 3:10
PP Forward
1 - 60% - 60% - 1:32
2 - 40% - 40% - 1:01
PP Defense
1 - 40% - 60% - 1:01
2 - 60% - 40% - 1:32
PK Forward
1 - 100% - 60% - 2:50
2 - 0% - 40% - 0:00
PK Defense
1 - 71% - 60% - 2:00
2 - 29% - 40% - 0:50
PK3 Forward
1 - 100% - 60% - 1:08
2 - 0% - 40% - 0:00
PK3 Defense
1 - 100% - 60% - 1:08
2 - 0% - 40% - 0:00
44 Forward
1 - 100% - 60% - 3:52
2 - 0% - 40% - 0:00
44 Defense
1 - 53% - 60% - 2:04
2 - 47% - 40% - 1:48
Last Minute Offensive  - 0:00
Last Minute Defensive  - 0:00
Total
Forward - 65:00
Defense - 65:00

Play by Play

1st period


0:01 of 1st period - Carter Camper wins face-off versus Adam Lowry in neutral zone.
0:30 of 1st period - Snap shot by Dmitrij Jaskin.
0:30 of 1st period - Stopped by David LeNeveu without a rebound.
0:31 of 1st period - Mike Zigomanis wins face-off versus Bryan Lerg in Admirals zone.
0:40 of 1st period - Wrist shot by Jean-Gabriel Pageau.
0:40 of 1st period - Shot Misses the Net.
0:48 of 1st period - Snap shot by Garrett Wilson.
0:48 of 1st period - Shot Misses the Net.
1:06 of 1st period - Wrist shot by Zack Stortini.
1:06 of 1st period - Stopped by David LeNeveu with a rebound.
1:08 of 1st period - Wrist shot by Jerome Gauthier-Leduc.
1:08 of 1st period - Deflect By Bryan Lerg.
1:08 of 1st period - Stopped by David LeNeveu with a rebound.
1:38 of 1st period - Darryl Boyce is hit by Martin Gernat.
1:48 of 1st period - Wrist shot by Mark Van Guilder.
1:48 of 1st period - Shot Misses the Net.
3:34 of 1st period - Zack FitzGerald is hit by Carter Ashton and loses puck.
3:47 of 1st period - Slapshot by Dmitrij Jaskin.
3:47 of 1st period - Stopped by David LeNeveu with a rebound.
3:49 of 1st period - Slapshot by Adam Lowry.
3:49 of 1st period - Shot Misses the Net.
3:51 of 1st period - Slapshot by Martin Gernat.
3:51 of 1st period - Stopped by David LeNeveu with a rebound.
3:53 of 1st period - Wrist shot by Harri Pesonen.
3:53 of 1st period - Shot Misses the Net.
4:01 of 1st period - Snap shot by Harri Pesonen.
4:01 of 1st period - Stopped by David LeNeveu without a rebound.
4:02 of 1st period - Carter Camper wins face-off versus Adam Lowry in Admirals zone.
4:10 of 1st period - Icing by Mike Sislo.
4:11 of 1st period - Adam Lowry wins face-off versus Carter Camper in Admirals zone.
4:18 of 1st period - Adam Lowry is hit by Carter Camper and loses puck.
4:27 of 1st period - Harri Pesonen is hit by Alex Grant.
5:09 of 1st period - Jerome Gauthier-Leduc is hit by Scott Ford and loses puck.
5:30 of 1st period - Keith Aucoin is hit by Garrett Wilson and loses puck.
7:34 of 1st period - Snap shot by Carter Ashton.
7:34 of 1st period - Shot Misses the Net.
7:54 of 1st period - Snap shot by Keith Aucoin.
7:54 of 1st period - Shot Blocked by Zack Stortini.
7:56 of 1st period - Slapshot by Cade Fairchild.
7:56 of 1st period - Stopped by Marek Mazanec with a rebound.
8:16 of 1st period - Bryan Lerg is hit by Carter Camper and loses puck.
8:35 of 1st period - Wrist shot by Jean-Gabriel Pageau.
8:35 of 1st period - Shot Blocked by Greg Zanon.
8:55 of 1st period - Jonathan Marchessault is hit by Jonathan Hazen and loses puck.
9:08 of 1st period - Denver Manderson is hit by Jonathan Marchessault and loses puck.
9:37 of 1st period - Snap shot by Josh Lunden.
9:37 of 1st period - Deflect By Dmitrij Jaskin.
9:37 of 1st period - Shot Misses the Net.
9:37 of 1st period - Puck is out of play.
9:38 of 1st period - Carter Camper wins face-off versus Dmitrij Jaskin in Admirals zone.
9:43 of 1st period - Chris Langkow is hit by Mike Sislo and loses puck.
9:50 of 1st period - Josh Lunden is hit by Darryl Boyce and loses puck.
10:32 of 1st period - Harri Pesonen is hit by Mike Sislo and loses puck.
10:43 of 1st period - Slapshot by Martin Gernat.
10:43 of 1st period - Stopped by David LeNeveu without a rebound.
10:44 of 1st period - Adam Lowry wins face-off versus Ryan Bourque in Admirals zone.
10:45 of 1st period - Wrist shot by Harri Pesonen.
10:45 of 1st period - Shot Misses the Net.
11:05 of 1st period - Snap shot by Adam Lowry.
11:05 of 1st period - Stopped by David LeNeveu without a rebound.
11:06 of 1st period - Keith Aucoin wins face-off versus Mark Van Guilder in Admirals zone.
11:54 of 1st period - Minor Penalty to Jerome Gauthier-Leduc for High sticking.
11:55 of 1st period - Dmitrij Jaskin wins face-off versus Jean-Gabriel Pageau in Phantoms zone.
11:55 of 1st period - Dmitrij Jaskin is hit by Keith Aucoin.
12:32 of 1st period - Adam Lowry is hit by Carter Camper.
12:55 of 1st period - Slapshot by Jean-Gabriel Pageau.
12:55 of 1st period - Stopped by Marek Mazanec without a rebound.
12:56 of 1st period - Denver Manderson wins face-off versus Jean-Gabriel Pageau in Phantoms zone.
13:12 of 1st period - Icing by Mike Zigomanis.
13:13 of 1st period - Harri Pesonen wins face-off versus Mike Zigomanis in Admirals zone.
13:24 of 1st period - Wrist shot by Carter Ashton.
13:24 of 1st period - Shot Misses the Net.
13:38 of 1st period - Snap shot by Jean-Gabriel Pageau.
13:38 of 1st period - Stopped by Marek Mazanec without a rebound.
13:39 of 1st period - Jean-Gabriel Pageau wins face-off versus Dmitrij Jaskin in Phantoms zone.
13:54 of 1st period - Penalty to Jerome Gauthier-Leduc is over, Jerome Gauthier-Leduc is back on ice.
14:06 of 1st period - Snap shot by Zack Stortini.
14:06 of 1st period - Stopped by David LeNeveu with a rebound.
14:08 of 1st period - Snap shot by Bryan Lerg.
14:08 of 1st period - Stopped by David LeNeveu with a rebound.
14:32 of 1st period - Bryan Rodney is hit by Zack FitzGerald and loses puck.
15:15 of 1st period - Snap shot by Darryl Boyce.
15:15 of 1st period - Shot Misses the Net.
15:39 of 1st period - Snap shot by Jean-Gabriel Pageau.
15:39 of 1st period - Stopped by Marek Mazanec with a rebound.
15:41 of 1st period - Snap shot by Jean-Gabriel Pageau.
15:41 of 1st period - Shot Misses the Net.
15:43 of 1st period - Wrist shot by Jean-Gabriel Pageau.
15:43 of 1st period - Stopped by Marek Mazanec with a rebound.
15:55 of 1st period - Snap shot by Keith Aucoin.
15:55 of 1st period - Stopped by Marek Mazanec without a rebound.
15:56 of 1st period - Bryan Lerg wins face-off versus Darryl Boyce in Phantoms zone.
15:56 of 1st period - Bryan Lerg is hit by Keith Aucoin.
16:10 of 1st period - Wrist shot by Garrett Wilson.
16:10 of 1st period - Deflect By Keith Aucoin.
16:10 of 1st period - Stopped by David LeNeveu with a rebound.
17:16 of 1st period - Denver Manderson is hit by Alex Grant and loses puck.
17:29 of 1st period - Jonathan Hazen is hit by Jean-Gabriel Pageau and loses puck.
17:40 of 1st period - Snap shot by Carter Ashton.
17:40 of 1st period - Stopped by Marek Mazanec with a rebound.
18:08 of 1st period - Snap shot by Zack Stortini.
18:08 of 1st period - Stopped by David LeNeveu without a rebound.
18:09 of 1st period - Bryan Lerg wins face-off versus Carter Camper in Admirals zone.
18:50 of 1st period - Snap shot by Mike Sislo.
18:50 of 1st period - Shot Misses the Net.
19:35 of 1st period - Icing by Jerome Gauthier-Leduc.
19:36 of 1st period - Carter Camper wins face-off versus Bryan Lerg in Phantoms zone.
19:39 of 1st period - Wrist shot by Jonathan Marchessault.
19:39 of 1st period - Stopped by Marek Mazanec with a rebound.
Goals for this period are 0 for Phantoms vs 0 for Admirals.
Shots for this period are 12 for Phantoms vs 8 for Admirals.

2nd period


0:01 of 2nd period - Carter Camper wins face-off versus Adam Lowry in neutral zone.
0:23 of 2nd period - Snap shot by Dmitrij Jaskin.
0:23 of 2nd period - Shot Hit the Post.
0:25 of 2nd period - Snap shot by Adam Lowry.
0:25 of 2nd period - Stopped by David LeNeveu without a rebound.
0:26 of 2nd period - Bryan Lerg wins face-off versus Carter Ashton in Admirals zone.
0:31 of 2nd period - Snap shot by Zack Stortini.
0:31 of 2nd period - Shot Misses the Net.
0:39 of 2nd period - Martin Gernat is hit by Bryan Rodney and loses puck.
0:56 of 2nd period - Bryan Lerg is hit by Alex Grant and loses puck.
3:17 of 2nd period - Slapshot by Garrett Wilson.
3:17 of 2nd period - Shot Misses the Net.
4:03 of 2nd period - Wrist shot by Jean-Gabriel Pageau.
4:03 of 2nd period - Deflect By Carter Ashton.
4:03 of 2nd period - Stopped by Marek Mazanec with a rebound.
4:05 of 2nd period - Wrist shot by Jean-Gabriel Pageau.
4:05 of 2nd period - Shot Blocked by Jerome Gauthier-Leduc.
4:25 of 2nd period - Snap shot by Darryl Boyce.
4:25 of 2nd period - Shot Blocked by Jerome Gauthier-Leduc.
4:27 of 2nd period - Snap shot by Darryl Boyce.
4:27 of 2nd period - Stopped by Marek Mazanec with a rebound.
4:29 of 2nd period - Slapshot by Scott Ford.
4:29 of 2nd period - Shot Misses the Net.
5:01 of 2nd period - Slapshot by Mark Van Guilder.
5:01 of 2nd period - Stopped by David LeNeveu with a rebound.
5:03 of 2nd period - Snap shot by Denver Manderson.
5:03 of 2nd period - Deflect By Mark Van Guilder.
5:03 of 2nd period - Shot Misses the Net.
5:03 of 2nd period - Puck is out of play.
5:04 of 2nd period - Carter Camper wins face-off versus Adam Lowry in Admirals zone.
5:11 of 2nd period - Wrist shot by Keith Aucoin.
5:11 of 2nd period - Shot Blocked by Harri Pesonen.
5:14 of 2nd period - Scott Ford beats up Zack FitzGerald.
5:14 of 2nd period - Penalty to Scott Ford for Fighting.
5:14 of 2nd period - Penalty to Zack FitzGerald for Fighting.
5:14 of 2nd period - Penalty to Zack FitzGerald for instigated a fight.
5:14 of 2nd period - Penalty to Zack FitzGerald for instigated a fight.
5:15 of 2nd period - Jean-Gabriel Pageau wins face-off versus Dmitrij Jaskin in Phantoms zone.
5:20 of 2nd period - Backhand shot by Keith Aucoin.
5:20 of 2nd period - Stopped by Marek Mazanec with a rebound.
5:28 of 2nd period - Slapshot by Keith Aucoin.
5:28 of 2nd period - Shot Misses the Net.
5:48 of 2nd period - Slapshot by Carter Ashton.
5:48 of 2nd period - Goal by Carter Ashton - Phantoms : 0 - Admirals : 1.
5:49 of 2nd period - Carter Camper wins face-off versus Mark Van Guilder in neutral zone.
5:56 of 2nd period - Snap shot by Mark Van Guilder.
5:56 of 2nd period - Shot Blocked by Bryan Rodney.
6:13 of 2nd period - Wrist shot by Mike Sislo.
6:13 of 2nd period - Stopped by Marek Mazanec with a rebound.
6:15 of 2nd period - Snap shot by Darryl Boyce.
6:15 of 2nd period - Shot Blocked by Greg Zanon.
6:17 of 2nd period - Wrist shot by Darryl Boyce.
6:17 of 2nd period - Deflect By Mike Sislo.
6:17 of 2nd period - Shot Hit the Post.
6:17 of 2nd period - Puck is out of play.
6:18 of 2nd period - Mike Zigomanis wins face-off versus Adam Lowry in Phantoms zone.
6:25 of 2nd period - Wrist shot by Carter Ashton.
6:25 of 2nd period - Shot Blocked by Martin Gernat.
6:27 of 2nd period - Wrist shot by Jean-Gabriel Pageau.
6:27 of 2nd period - Shot Misses the Net.
6:29 of 2nd period - Wrist shot by Mike Zigomanis.
6:29 of 2nd period - Stopped by Marek Mazanec with a rebound.
6:31 of 2nd period - Snap shot by Cade Fairchild.
6:31 of 2nd period - Shot Blocked by Martin Gernat.
7:08 of 2nd period - Keith Aucoin is hit by Garrett Wilson and loses puck.
7:26 of 2nd period - Jonathan Marchessault is hit by Garrett Wilson.
8:12 of 2nd period - Darryl Boyce is hit by Jonathan Hazen and loses puck.
8:51 of 2nd period - Bryan Rodney is hit by Martin Gernat and loses puck.
9:32 of 2nd period - Snap shot by Carter Ashton.
9:32 of 2nd period - Stopped by Marek Mazanec with a rebound.
9:48 of 2nd period - Wrist shot by Bryan Lerg.
9:48 of 2nd period - Goal by Bryan Lerg - Phantoms : 1 - Admirals : 1.
9:49 of 2nd period - Bryan Lerg wins face-off versus Jonathan Marchessault in neutral zone.
9:54 of 2nd period - Snap shot by Bryan Lerg.
9:54 of 2nd period - Stopped by David LeNeveu with a rebound.
10:10 of 2nd period - Snap shot by Zack Stortini.
10:10 of 2nd period - Stopped by David LeNeveu with a rebound.
10:12 of 2nd period - Snap shot by Zack Stortini.
10:12 of 2nd period - Shot Blocked by Bryan Rodney.
10:14 of 2nd period - Snap shot by Greg Zanon.
10:14 of 2nd period - Stopped by David LeNeveu without a rebound.
10:15 of 2nd period - Carter Camper wins face-off versus Mark Van Guilder in Admirals zone.
11:18 of 2nd period - Jonathan Marchessault is hit by Zack Stortini and loses puck.
12:13 of 2nd period - Darryl Boyce is hit by Josh Lunden and loses puck.
12:30 of 2nd period - Denver Manderson is hit by Alex Grant and loses puck.
13:24 of 2nd period - Wrist shot by Zack Stortini.
13:24 of 2nd period - Stopped by David LeNeveu without a rebound.
13:25 of 2nd period - Mike Zigomanis wins face-off versus Adam Lowry in Admirals zone.
13:42 of 2nd period - Wrist shot by Carter Ashton.
13:42 of 2nd period - Shot Misses the Net.
13:44 of 2nd period - Snap shot by Mike Zigomanis.
13:44 of 2nd period - Shot Blocked by Keegan Lowe.
14:36 of 2nd period - Backhand shot by Carter Ashton.
14:36 of 2nd period - Stopped by Marek Mazanec with a rebound.
14:38 of 2nd period - Wrist shot by Mike Zigomanis.
14:38 of 2nd period - Shot Blocked by Martin Gernat.
14:56 of 2nd period - Snap shot by Keith Aucoin.
14:56 of 2nd period - Stopped by Marek Mazanec without a rebound.
14:57 of 2nd period - Mike Zigomanis wins face-off versus Adam Lowry in Phantoms zone.
16:06 of 2nd period - Mike Zigomanis is hit by Greg Zanon and loses puck.
16:13 of 2nd period - Wrist shot by Josh Lunden.
16:13 of 2nd period - Shot Misses the Net.
16:15 of 2nd period - Snap shot by Jerome Gauthier-Leduc.
16:15 of 2nd period - Stopped by David LeNeveu with a rebound.
16:58 of 2nd period - Backhand shot by Jonathan Marchessault.
16:58 of 2nd period - Shot Misses the Net.
17:16 of 2nd period - Snap shot by Mike Sislo.
17:16 of 2nd period - Stopped by Marek Mazanec without a rebound.
17:17 of 2nd period - Carter Camper wins face-off versus Adam Lowry in Phantoms zone.
17:26 of 2nd period - Snap shot by Mike Sislo.
17:26 of 2nd period - Stopped by Marek Mazanec with a rebound.
17:48 of 2nd period - Slapshot by Denver Manderson.
17:48 of 2nd period - Stopped by David LeNeveu with a rebound.
17:50 of 2nd period - Slapshot by Martin Gernat.
17:50 of 2nd period - Stopped by David LeNeveu with a rebound.
17:52 of 2nd period - Wrist shot by Denver Manderson.
17:52 of 2nd period - Shot Misses the Net.
18:20 of 2nd period - Snap shot by Chris Langkow.
18:20 of 2nd period - Shot Misses the Net.
Goals for this period are 1 for Phantoms vs 1 for Admirals.
Shots for this period are 10 for Phantoms vs 11 for Admirals.

3rd period


0:01 of 3rd period - Carter Camper wins face-off versus Adam Lowry in neutral zone.
0:04 of 3rd period - Adam Lowry is hit by Carter Camper.
0:10 of 3rd period - Snap shot by Dmitrij Jaskin.
0:10 of 3rd period - Shot Blocked by Bryan Rodney.
0:12 of 3rd period - Slapshot by Greg Zanon.
0:12 of 3rd period - Deflect By Keith Aucoin.
0:12 of 3rd period - Stopped by David LeNeveu with a rebound.
0:14 of 3rd period - 10 Minutes Misconduct Penalty to Zack FitzGerald is over.
0:14 of 3rd period - Slapshot by Greg Zanon.
0:14 of 3rd period - Deflect By Dmitrij Jaskin.
0:14 of 3rd period - Deflect By Keith Aucoin.
0:14 of 3rd period - Stopped by David LeNeveu with a rebound.
0:16 of 3rd period - Snap shot by Harri Pesonen.
0:16 of 3rd period - Stopped by David LeNeveu without a rebound.
0:17 of 3rd period - Adam Lowry wins face-off versus Carter Camper in Admirals zone.
0:18 of 3rd period - Slapshot by Garnet Exelby.
0:18 of 3rd period - Stopped by David LeNeveu without a rebound.
0:19 of 3rd period - Adam Lowry wins face-off versus Carter Camper in Admirals zone.
0:34 of 3rd period - Slapshot by Harri Pesonen.
0:34 of 3rd period - Shot Misses the Net.
0:36 of 3rd period - Slapshot by Greg Zanon.
0:36 of 3rd period - Shot Misses the Net.
0:38 of 3rd period - Wrist shot by Harri Pesonen.
0:38 of 3rd period - Shot Misses the Net.
0:43 of 3rd period - Minor Penalty to Alex Grant for High sticking.
0:44 of 3rd period - Jonathan Marchessault wins face-off versus Garrett Wilson in Admirals zone.
2:23 of 3rd period - Cade Fairchild is hit by Garnet Exelby and loses puck.
2:43 of 3rd period - Penalty to Alex Grant is over, Alex Grant is back on ice.
2:54 of 3rd period - Denver Manderson is hit by Jean-Gabriel Pageau and loses puck.
3:01 of 3rd period - Slapshot by Jean-Gabriel Pageau.
3:01 of 3rd period - Shot Misses the Net.
3:41 of 3rd period - Snap shot by Chris Langkow.
3:41 of 3rd period - Shot Misses the Net.
3:43 of 3rd period - Slapshot by Keegan Lowe.
3:43 of 3rd period - Stopped by David LeNeveu with a rebound.
3:45 of 3rd period - Slapshot by Chris Langkow.
3:45 of 3rd period - Stopped by David LeNeveu with a rebound.
3:47 of 3rd period - Snap shot by Keegan Lowe.
3:47 of 3rd period - Shot Blocked by Bryan Rodney.
3:49 of 3rd period - Slapshot by Keegan Lowe.
3:49 of 3rd period - Stopped by David LeNeveu with a rebound.
3:51 of 3rd period - Wrist shot by Dmitrij Jaskin.
3:51 of 3rd period - Stopped by David LeNeveu with a rebound.
3:53 of 3rd period - Slapshot by Keegan Lowe.
3:53 of 3rd period - Deflect By Chris Langkow.
3:53 of 3rd period - Stopped by David LeNeveu without a rebound.
3:54 of 3rd period - Mike Zigomanis wins face-off versus Adam Lowry in Admirals zone.
4:38 of 3rd period - Wrist shot by Bryan Lerg.
4:38 of 3rd period - Shot Blocked by Scott Ford.
5:58 of 3rd period - Snap shot by Mike Sislo.
5:58 of 3rd period - Shot Misses the Net.
8:53 of 3rd period - Snap shot by Mike Sislo.
8:53 of 3rd period - Shot Misses the Net.
9:33 of 3rd period - Slapshot by Keith Aucoin.
9:33 of 3rd period - Stopped by Marek Mazanec with a rebound.
9:35 of 3rd period - Snap shot by Mike Zigomanis.
9:35 of 3rd period - Deflect By Keith Aucoin.
9:35 of 3rd period - Stopped by Marek Mazanec with a rebound.
9:55 of 3rd period - Chris Langkow is hit by Mike Sislo and loses puck.
10:22 of 3rd period - Wrist shot by Keith Aucoin.
10:22 of 3rd period - Stopped by Marek Mazanec with a rebound.
10:24 of 3rd period - Wrist shot by Jonathan Marchessault.
10:24 of 3rd period - Stopped by Marek Mazanec with a rebound.
10:26 of 3rd period - Wrist shot by Bryan Rodney.
10:26 of 3rd period - Stopped by Marek Mazanec with a rebound.
10:28 of 3rd period - Wrist shot by Maxime Langelier-Parent.
10:28 of 3rd period - Stopped by Marek Mazanec with a rebound.
11:37 of 3rd period - Snap shot by Keith Aucoin.
11:37 of 3rd period - Stopped by Marek Mazanec with a rebound.
12:16 of 3rd period - Harri Pesonen is hit by Alex Grant and loses puck.
13:42 of 3rd period - Sven Andrighetto is hit by Greg Zanon and loses puck.
14:02 of 3rd period - Harri Pesonen is hit by Carter Ashton and loses puck.
15:26 of 3rd period - Snap shot by Carter Ashton.
15:26 of 3rd period - Shot Misses the Net.
15:50 of 3rd period - Denver Manderson is hit by Keith Aucoin and loses puck.
16:49 of 3rd period - Slapshot by Ryan Bourque.
16:49 of 3rd period - Deflect By Garnet Exelby.
16:49 of 3rd period - Stopped by Marek Mazanec with a rebound.
17:24 of 3rd period - Snap shot by Sven Andrighetto.
17:24 of 3rd period - Deflect By Keith Aucoin.
17:24 of 3rd period - Shot Blocked by Jerome Gauthier-Leduc.
17:24 of 3rd period - Puck is out of play.
17:25 of 3rd period - Maxime Langelier-Parent wins face-off versus Adam Lowry in Phantoms zone.
17:54 of 3rd period - Jonathan Marchessault is hit by Chris Langkow and loses puck.
17:58 of 3rd period - Icing by Bryan Rodney.
17:59 of 3rd period - Carter Camper wins face-off versus Chris Langkow in Admirals zone.
18:18 of 3rd period - Wrist shot by Jean-Gabriel Pageau.
18:18 of 3rd period - Shot Misses the Net.
18:20 of 3rd period - Snap shot by Jean-Gabriel Pageau.
18:20 of 3rd period - Stopped by Marek Mazanec with a rebound.
18:53 of 3rd period - Josh Lunden is hit by Keith Aucoin and loses puck.
19:08 of 3rd period - Minor Penalty to Scott Ford for High sticking.
19:09 of 3rd period - Bryan Lerg wins face-off versus Jonathan Marchessault in Admirals zone.
19:34 of 3rd period - Bryan Lerg is hit by Bryan Rodney and loses puck.
19:51 of 3rd period - Harri Pesonen is hit by Jonathan Marchessault and loses puck.
Goals for this period are 0 for Phantoms vs 0 for Admirals.
Shots for this period are 9 for Phantoms vs 9 for Admirals.

Overtime #1


0:01 of 1st overtime period - Dmitrij Jaskin wins face-off versus Jonathan Marchessault in neutral zone.
1:07 of 1st overtime period - Martin Gernat is hit by Jonathan Marchessault and loses puck.
1:08 of 1st overtime period - Penalty to Scott Ford is over, Scott Ford is back on ice.
1:24 of 1st overtime period - Wrist shot by Jonathan Marchessault.
1:24 of 1st overtime period - Deflect By Carter Camper.
1:24 of 1st overtime period - Shot Misses the Net.
1:24 of 1st overtime period - Puck is out of play.
1:25 of 1st overtime period - Mark Van Guilder wins face-off versus Jonathan Marchessault in Phantoms zone.
2:48 of 1st overtime period - Icing by Jerome Gauthier-Leduc.
2:49 of 1st overtime period - Jonathan Marchessault wins face-off versus Dmitrij Jaskin in Phantoms zone.
2:50 of 1st overtime period - Slapshot by Cade Fairchild.
2:50 of 1st overtime period - Deflect By Ryan Bourque.
2:50 of 1st overtime period - Shot Misses the Net.
2:50 of 1st overtime period - Puck is out of play.
2:51 of 1st overtime period - Jonathan Marchessault wins face-off versus Mark Van Guilder in Phantoms zone.
3:56 of 1st overtime period - Garnet Exelby is hit by Jonathan Marchessault and loses puck.
4:11 of 1st overtime period - Snap shot by Bryan Lerg.
4:11 of 1st overtime period - Shot Misses the Net.
4:56 of 1st overtime period - Carter Camper is hit by Adam Lowry and loses puck.
Goals for this period are 0 for Phantoms vs 0 for Admirals.
Shots for this period are 0 for Phantoms vs 0 for Admirals.

ShootOut


5:00 of 1st overtime period - Penalty Shot by Dmitrij Jaskin for Phantoms.
5:00 of 1st overtime period - Deke by Dmitrij Jaskin.
5:00 of 1st overtime period - Stopped by David LeNeveu.
5:00 of 1st overtime period - Penalty Shot by Jonathan Marchessault for Admirals.
5:00 of 1st overtime period - Snap shot by Jonathan Marchessault.
5:00 of 1st overtime period - Shot Misses the Net.
5:00 of 1st overtime period - Penalty Shot by Adam Lowry for Phantoms.
5:00 of 1st overtime period - Wrist shot by Adam Lowry.
5:00 of 1st overtime period - Stopped by David LeNeveu.
5:00 of 1st overtime period - Penalty Shot by Jean-Gabriel Pageau for Admirals.
5:00 of 1st overtime period - Snap shot by Jean-Gabriel Pageau.
5:00 of 1st overtime period - Stopped by Marek Mazanec.
5:00 of 1st overtime period - Penalty Shot by Harri Pesonen for Phantoms.
5:00 of 1st overtime period - Deke by Harri Pesonen.
5:00 of 1st overtime period - Stopped by David LeNeveu.
5:00 of 1st overtime period - Penalty Shot by Mike Zigomanis for Admirals.
5:00 of 1st overtime period - Deke by Mike Zigomanis.
5:00 of 1st overtime period - Shot Misses the Net.
5:00 of 1st overtime period - Penalty Shot by Bryan Lerg for Phantoms.
5:00 of 1st overtime period - Backhand shot by Bryan Lerg.
5:00 of 1st overtime period - Goal by Bryan Lerg.
5:00 of 1st overtime period - Penalty Shot by Darryl Boyce for Admirals.
5:00 of 1st overtime period - Snap shot by Darryl Boyce.
5:00 of 1st overtime period - Goal by Darryl Boyce.
5:00 of 1st overtime period - Penalty Shot by Garrett Wilson for Phantoms.
5:00 of 1st overtime period - Backhand shot by Garrett Wilson.
5:00 of 1st overtime period - Shot Misses the Net.
5:00 of 1st overtime period - Penalty Shot by Carter Camper for Admirals.
5:00 of 1st overtime period - Wrist shot by Carter Camper.
5:00 of 1st overtime period - Goal by Carter Camper.


Output by the SimonT Hockey Simulator (STHS) for Eric Dolegowski -- Original Page W3C XHTML 1.0 Valid
Hockey Simulator - Hockey Simulation - Hockey Manager